Map: Blueshift LE

Players

Bly

  • Race: Zerg Zerg
  • League: Master
  • Spawn Location: 1:00

LiquidTaeJa (TaeJa) - Winner!

  • Race: Terran Terran
  • League: Diamond
  • Spawn Location: 7:00

Event: HomeStory Cup XVIII

VOD

Have the link to the VOD?

Description

Time

  • Played on: Nov. 24, 2018, 2:10 p.m.
  • Length: 9:58

All games in this series

Show
View Real Time Build Order
Export as new Build Order

Bly Zerg 

Build Orders: Hatch First, Ravager All-In 

Get SALT Encoding   

  12  0:01  Drone  
  13  0:34  Hatchery  
  12  0:48  Spawning Pool  
  11  0:53  Drone  
  12  0:57  Drone  
  12  1:01  Drone  
  14  1:11  Extractor, Drone  
  14  1:15  Extractor  
  14  1:17  Drone  
  14  1:35  Roach Warren  
  14  1:36  Overlord  
  13  1:41  Drone  
  14  2:10  Drone  
  14  2:15  Roach x3  
  21  2:26  Roach  
  23  2:33  Overlord  
  23  2:40  Ravager  
  24  2:47  Ravager  
  24  2:50  Roach  
  27  3:05  Ravager  
  28  3:10  Roach  
  28  3:11  Roach  
  29  3:15  Ravager  
  29  3:17  Roach  
  32  3:35  Roach x2  
  36  3:43  Overlord  
  31  4:07  Roach x2  
  28  4:10  Ravager  
  23  4:24  Ravager  
  23  4:25  Roach x2  
  23  4:28  Ravager  
  26  4:32  Roach  
  26  4:33  Ravager x2  
  27  4:41  Roach  
  26  4:53  Roach  
  26  4:54  Ravager  
  29  5:04  Ravager  
  30  5:09  Roach  
  25  5:39  Roach x3  
  25  5:41  Drone x2  
  25  5:44  Drone  
  26  5:56  Metabolic Boost  
  26  6:08  Ravager  
  26  6:09  Ravager  
  28  6:12  Overlord  
  26  6:30  Roach x3  
  24  6:41  Roach  
  26  6:49  Zergling x6  
  29  6:56  Overlord  
  29  7:00  Ravager  
  30  7:14  Ravager x2  
  32  7:19  Zergling x4  
  34  7:24  Zergling x2  
  34  7:29  Queen  
  36  7:40  Ravager  
  36  7:42  Overlord  
  28  7:59  Zergling x4  
  28  8:21  Roach x2  
  32  8:30  Roach  
  34  8:39  Roach x2  
  38  8:42  Roach  
  38  8:44  Overlord  
  40  8:54  Ravager x3  
  43  9:02  Zergling x2  
  44  9:11  Zergling x8  
  44  9:15  Ravager x3  
  51  9:23  Zergling x2  
  52  9:38  Zergling x2  
  47  9:49  Hatchery  
Show
View Real Time Build Order
Export as new Build Order

LiquidTaeJa Terran - Winner!

Build Orders: Reaper Expand 

Get SALT Encoding   

  12  0:00  SCV  
  13  0:12  SCV  
  14  0:17  Supply Depot  
  14  0:24  SCV  
  15  0:38  SCV  
  15  0:40  Barracks  
  15  0:42  Refinery  
  16  0:50  SCV  
  17  1:02  SCV  
  18  1:15  SCV  
  19  1:27  Reaper, Orbital Command  
  20  1:39  Command Center  
  20  1:50  Supply Depot  
  20  1:53  SCV  
  21  1:59  Marine  
  22  2:05  SCV  
  23  2:08  Factory  
  23  2:11  Refinery  
  23  2:17  Barracks Tech Lab  
  23  2:19  SCV  
  24  2:27  Bunker  
  24  2:31  SCV  
  24  2:37  Marauder  
  24  2:38  Concussive Shells  
  24  2:43  SCV  
  26  2:52  Factory Tech Lab  
  26  2:55  Command Center  
  25  3:00  Marauder  
  25  3:02  SCV  
  26  3:17  Cyclone  
  28  3:30  Supply Depot  
  27  3:35  SCV  
  27  3:37  Marauder  
  30  3:42  Supply Depot  
  30  3:54  Cyclone  
  30  3:55  SCV  
  23  4:19  Marauder  
  21  4:37  Orbital Command  
  21  4:39  SCV  
  22  4:52  SCV  
  23  4:53  Cyclone  
  26  5:02  SCV  
  26  5:04  SCV  
  28  5:09  Marauder  
  25  5:33  SCV  
  23  5:38  Marauder  
  23  5:40  SCV  
  26  5:44  Cyclone  
  26  5:46  SCV  
  30  5:52  SCV  
  30  5:54  Bunker  
  31  5:58  SCV  
  32  6:07  Marauder, SCV  
  32  6:10  SCV  
  36  6:16  Cyclone  
  39  6:29  SCV x2  
  38  6:41  Orbital Command, SCV  
  38  6:42  Marine  
  38  6:43  Stimpack  
  40  6:55  SCV  
  40  6:59  Command Center  
  41  7:07  SCV x2  
  43  7:11  Marine  
  43  7:12  Siege Tank  
  43  7:15  Supply Depot  
  47  7:19  SCV  
  47  7:20  SCV  
  49  7:31  Marine, Barracks x2  
  49  7:33  SCV x2  
  41  7:52  SCV  
  41  7:53  SCV  
  41  7:57  Marine, Siege Tank  
  41  8:05  Bunker, SCV x2  
  39  8:17  Marine  
  39  8:18  SCV x2  
  42  8:21  Marine x2  
  44  8:27  SCV  
  44  8:30  SCV  
  46  8:34  Siege Tank  
  46  8:40  Marine x2, Orbital Command  
  51  8:43  Marine  
  51  8:45  SCV x2  
  54  8:55  Starport  
  54  8:58  SCV x2  
  56  9:06  Barracks Reactor x2  
  56  9:07  SCV  
  56  9:10  Marine, SCV  
  56  9:14  SCV  
  56  9:15  Engineering Bay x2  
  59  9:20  Siege Tank  
  59  9:23  Bunker  
  62  9:27  Bunker  
  62  9:29  Bunker  
  62  9:31  Marine  
  66  9:57  Refinery  
Tags
 
Add a new tag
Caveats
  • Supply blocks, unpowered buildings, or Contaminate may cause inaccurate times.
  • Supply counts are checked every 10 seconds.